 Dungeon Crawl Stone Soup version 0.30-a0-585-g93115170b9 (webtiles) character file.

Game seed: 17689702655993521864

469 themarg the Insei (level 7, -1/52 HPs)
             Began as a Gnoll Transmuter on Jan 2, 2023.
             Was an Initiate of Ashenzari.
             Slain by an ogre
             ... wielding a +0 giant club
              (21 damage)
             ... on level 5 of the Dungeon.
             The game lasted 00:11:59 (4159 turns).

themarg the Insei (Gnoll Transmuter)                Turns: 4159, Time: 00:12:00

Health: -1/52      AC:  2    Str:  9    XL:     7   Next: 9%
Magic:  12/15      EV: 22    Int: 20    God:    Ashenzari [......]
Gold:   313        SH:  0    Dex: 18    Spells: 11/17 levels left

rFire   . . .      SeeInvis .      - Unarmed
rCold   . . .      Faith    .    (shield currently unavailable)
rNeg    . . .      Spirit   .    (body armour currently unavailable)
rPois   x          Reflect  .    (helmet currently unavailable)
rElec   .          Harm     .    (cloak currently unavailable)
rCorr   .          Rampage  .    (gloves currently unavailable)
Will    .....                    (boots currently unavailable)
Stlth   ++                       (no amulet)
HPRegen 0.28/turn                r - +6 ring of intelligence
MPRegen 0.14/turn                (no ring)

@: spider-form
A: venomous fangs, tiny, (fangs 1), strong nose, distributed training
a: End Transformation, Renounce Religion, Shatter the Chains


You were on level 5 of the Dungeon.
You worshipped Ashenzari.
Ashenzari was noncommittal.
You were a venomous arachnid creature.
You visited 1 branch of the dungeon, and saw 5 of its levels.
You also visited: Sewer.

You collected 313 gold pieces.

Inventory:

Hand Weapons
 c - a +0 dagger (melded)
Missiles
 e - 69 stones
Armour
 a - a +0 robe (melded)
 q - the cursed +0 pair of boots of the Ruined Stars (melded) {Melee, Fort}
   (You found it on level 3 of the Dungeon)

   It has a curse which improves the following skills: Melee Combat: Short
   Blades, Long Blades, Axes, Maces & Flails, Polearms, Staves and Unarmed
   Combat.
   Fortitude: Armour and Shields.
 v - a +0 buckler
 w - a +0 pair of gloves
Jewellery
 r - a +6 ring of intelligence (left front leg)
Scrolls
 d - 2 scrolls of teleportation
 f - a scroll of amnesia {unknown}
 h - 3 scrolls of noise
 i - a scroll of enchant armour {unknown}
 n - a scroll of poison {unknown}
 o - a scroll of magic mapping {unknown}
 p - a scroll of butterflies {unknown}
 s - a scroll of fear {unknown}
 t - 2 scrolls of blinking
 x - 2 scrolls of enchant weapon {unknown}
Potions
 b - 2 potions of lignification
 g - 2 potions of curing
 j - 2 potions of flight
 k - a potion of heal wounds {unknown}
 l - a potion of brilliance {unknown}
 m - a potion of cancellation {unknown}
 u - 2 potions of mutation {unknown}


   Skills:
 + Level 3.5 Fighting
 + Level 2.3 Short Blades
 + Level 2.3 Long Blades
 + Level 2.3 Axes
 + Level 2.3 Maces & Flails
 + Level 2.3 Polearms
 + Level 2.3 Staves
 + Level 2.3 Ranged Weapons
 + Level 2.3 Throwing
 + Level 2.3 Armour
 + Level 5.2 Dodging
 + Level 2.3 Stealth
 + Level 2.3 Shields
 + Level 7.0 Unarmed Combat
 + Level 5.5 Spellcasting
 + Level 1.9 Conjurations
 + Level 1.9 Hexes
 + Level 1.9 Summonings
 + Level 1.9 Necromancy
 + Level 1.9 Translocations
 + Level 4.2 Transmutations
 + Level 1.9 Fire Magic
 + Level 1.9 Ice Magic
 + Level 1.9 Air Magic
 + Level 1.9 Earth Magic
 + Level 1.9 Poison Magic
 + Level 2.6 Invocations
 + Level 2.3 Evocations


You had 11 spell levels left.
You knew the following spells:

 Your Spells              Type           Power      Damage    Failure   Level
a - Beastly Appendage     Tmut           44%        N/A       8%          1
b - Wereblood             Tmut           22%        N/A       10%         2
c - Spider Form           Tmut/Pois      18%        N/A       22%         3

Your spell library contained the following spells:

 Spells                   Type           Power      Damage    Failure   Level
 Ignite Poison            Fire/Tmut/Pois 16%        N/A       26%         3
 Dazzling Flash           Conj/Hex       26%        N/A       34%         3
 Ice Form                 Ice/Tmut       18%        N/A       52%         4
 Iskenderun's Mystic Bla  Conj/Tloc      13%        2d5       67%         4
 Sticky Flame             Conj/Fire      13%        2d4       67%         4
 Starburst                Conj/Fire      6%         6d4       100%        6
 Ignition                 Fire           6%         3d4       100%        8


Dungeon Overview and Level Annotations

Branches:
Dungeon (5/15)             Temple (0/1) D:4           Sewer (visited)

Altars:
Ashenzari
Kikubaaqudgha
Okawaru
Wu Jian
Xom

Shops:
D:4 [


Innate Abilities, Weirdness & Mutations

You are a venomous arachnid creature.
You have poisonous fangs.
You are tiny and dextrous.
Your spellcasting is less reliable in this form.
Your armour is entirely melded.
You are incapable of wielding weapons or throwing items.
((You have very sharp teeth.))
Your uncanny sense of smell can sniff out nearby items.
Your experience applies equally to all skills.


Message History

Found 15 gold pieces.
Found a stone staircase leading down.
The helpless quokka fails to defend itself.
You bite the quokka!
You kill the quokka!
Your transformation is almost over.
Magic restored.
You now have 289 gold pieces (gained 13).
You now have 304 gold pieces (gained 15).
Your transformation has ended.
Your +0 dagger unmelds from your body.
The cursed +0 pair of boots of the Ruined Stars {Melee, Fort} unmelds from your body.
Your +0 robe unmelds from your body.
x - 2 scrolls labelled GAKUSS APEURED (gained 1)
Found a stone staircase leading down.
j - 2 potions of flight (gained 1)
You now have 313 gold pieces (gained 9).
You open the door.
There is an open door here.
t - 2 scrolls of blinking (gained 1)
u - 2 viscous purple potions (gained 1)
An ogre comes into view. It is wielding a +0 giant club.
The ogre shouts!
You turn into a venomous arachnid creature.
Your +0 dagger melds into your body.
The cursed +0 pair of boots of the Ruined Stars {Melee, Fort} melds into your body.
Your +0 robe melds into your body.
You bite the ogre!
The ogre is moderately wounded.
The ogre completely misses you.
You bite the ogre!
The ogre is heavily wounded.
You bite the ogre!
The ogre is poisoned.
The ogre is almost dead.
The ogre hits you with a +0 giant club!!
Ouch! That really hurt!
You hit the ogre.
The ogre is almost dead.
The ogre hits you with a +0 giant club!!
You die...

######.....
.........
.......#
......#
.....# ....#
#O.$# #s..#
#...# #.
#...# #.
#...# #.
#...# #.
..#####...#
#.
..........#
#.
..........#.#
#.
#######...#.+
∆ #.


You could see an ogre (very poisoned).

Vanquished Creatures
  An ogre (D:4)
  2 bullfrogs (Sewer)
  2 jellies (D:2)
  7 adders
  A gnoll (D:1)
  A worm (D:2)
  3 dart slugs
  9 orcs
  7 bats
  10 endoplasms
  15 giant cockroaches
  3 hobgoblins
  3 jackals (D:3)
  14 kobolds
  8 quokkas
  5 ball pythons
  8 frilled lizards
  6 goblins
  2 rats
107 creatures vanquished.

Vanquished Creatures (others)
  2 fungi (D:2)
  11 toadstools (D:2)
13 creatures vanquished.

Grand Total: 120 creatures vanquished

Notes
Turn   | Place    | Note
-------+----------+-------------------------------------------
     0 | D:1      | themarg the Gnoll Transmuter began the quest for the Orb.
     0 | D:1      | Reached XP level 1. HP: 17/17 MP: 6/6
   115 | D:1      | Reached XP level 2. HP: 21/23 MP: 7/7
   118 | D:1      | Learned a level 2 spell: Wereblood
   323 | D:1      | Reached skill level 5 in Spellcasting
   323 | D:1      | Reached XP level 3. HP: 28/28 MP: 6/9
   327 | D:1      | Learned a level 3 spell: Spider Form
   495 | D:1      | Found a faded altar of an unknown god.
   784 | D:2      | Reached skill level 1 in Invocations
   913 | D:2      | Reached skill level 1 in Short Blades
   913 | D:2      | Reached skill level 1 in Long Blades
   913 | D:2      | Reached skill level 1 in Axes
   913 | D:2      | Reached skill level 1 in Maces & Flails
   913 | D:2      | Reached skill level 1 in Polearms
   913 | D:2      | Reached skill level 1 in Staves
   913 | D:2      | Reached skill level 1 in Ranged Weapons
   913 | D:2      | Reached skill level 1 in Throwing
   913 | D:2      | Reached skill level 1 in Armour
   913 | D:2      | Reached skill level 1 in Stealth
   913 | D:2      | Reached skill level 1 in Shields
   913 | D:2      | Reached skill level 1 in Evocations
  1423 | D:2      | Reached XP level 4. HP: 28/34 MP: 8/11
  1624 | D:2      | Reached skill level 1 in Conjurations
  1624 | D:2      | Reached skill level 1 in Hexes
  1624 | D:2      | Reached skill level 1 in Summonings
  1624 | D:2      | Reached skill level 1 in Necromancy
  1624 | D:2      | Reached skill level 1 in Translocations
  1624 | D:2      | Reached skill level 1 in Fire Magic
  1624 | D:2      | Reached skill level 1 in Ice Magic
  1624 | D:2      | Reached skill level 1 in Air Magic
  1624 | D:2      | Reached skill level 1 in Earth Magic
  1624 | D:2      | Reached skill level 1 in Poison Magic
  1631 | D:2      | Reached XP level 5. HP: 4/40 MP: 4/12
  1632 | D:2      | HP: 1/40 [frozen (4)]
  2002 | D:3      | Found an ornate altar of the Wu Jian Council.
  2161 | D:3      | Found a glowing drain.
  2173 | Sewer    | Entered a sewer
  2528 | Sewer    | Reached skill level 5 in Dodging
  2528 | Sewer    | Reached XP level 6. HP: 41/47 MP: 7/14
  2890 | D:3      | Found an iron altar of Okawaru.
  2890 | D:3      | Found a broken altar of Ashenzari.
  2891 | D:3      | Found an ancient bone altar of Kikubaaqudgha.
  2950 | D:3      | Found a shimmering altar of Xom.
  2953 | D:3      | Became a worshipper of Ashenzari the Shackled
  3443 | D:4      | Found Kicral's Armour Boutique.
  3478 | D:4      | Found a staircase to the Ecumenical Temple.
  3552 | D:4      | Reached skill level 7 in Unarmed Combat
  3552 | D:4      | Reached XP level 7. HP: 52/52 MP: 12/15
  3813 | D:4      | Identified the cursed +0 pair of boots of the Ruined Stars
                  | {Melee, Fort} (You found it on level 3 of the Dungeon)
  4020 | D:5      | Entered Level 5 of the Dungeon
  4159 | D:5      | Slain by an ogre

Illustrated notes

Levels and vault maps discovered:
D:1:      dpeg_arrival_rooms_c, layout_rooms,
          shapermc_ecumenical_altar_hornbeckon, hex_intersection
D:2:      cheibrodos_fertilizer, layout_basic, grunt_ministairs_10
D:3:      layout_loops_cross, amcnicky_altar_gilded,
          nicolae_overflow_quartered_altars, gup_sewer_entry_pipe
D:4:      layout_rooms, temple_doors_cd, serial_shops, nicolae_lakefront_shop,
          grunt_decor_one_mirror, amethyst_killhole
D:5:      layout_basic, vehumet_crystals, kennysheep_mini_moat,
          overflow_temple_1_default

Skill      XL: |  1  2  3  4  5  6 |
---------------+-------------------+-----
Spellcasting   | 5 |  5.5
Invocations    | 1 2 |  2.6
Short Blades   | 1 2 |  2.3
Long Blades    | 1 2 |  2.3
Axes           | 1 2 |  2.3
Maces & Flails | 1 2 |  2.3
Polearms       | 1 2 |  2.3
Staves         | 1 2 |  2.3
Ranged Weapons | 1 2 |  2.3
Throwing       | 1 2 |  2.3
Armour         | 1 2 |  2.3
Stealth        | 1 2 |  2.3
Shields        | 1 2 |  2.3
Evocations     | 1 2 |  2.3
Conjurations   | 1 |  1.9
Hexes          | 1 |  1.9
Summonings     | 1 |  1.9
Necromancy     | 1 |  1.9
Translocations | 1 |  1.9
Fire Magic     | 1 |  1.9
Ice Magic      | 1 |  1.9
Air Magic      | 1 |  1.9
Earth Magic    | 1 |  1.9
Poison Magic   | 1 |  1.9
Fighting       | 3 |  3.5
Transmutations | 4 |  4.2
Dodging        | 5 |  5.2
Unarmed Combat | 7 |  7.0

Action                   |  1- 3 |  4- 6 |  7- 9 || total
-------------------------+-------+-------+-------++-------
Melee: Dagger            |    54 |    12 |       ||    66
       Unarmed           |    34 |   141 |    16 ||   191
       Kick              |    13 |     1 |       ||    14
       Headbutt          |    10 |     1 |       ||    11
       Bite              |     6 |     1 |       ||     7
       Punch             |     1 |       |       ||     1
 Cast: Beastly Appendage |    21 |     1 |       ||    22
       Spider Form       |     6 |    29 |     7 ||    42
       Wereblood         |       |     3 |       ||     3
Invok: Curse Item        |       |       |     1 ||     1
  Use: Scroll            |       |     4 |       ||     4
 Stab: Sleeping          |     1 |     1 |     2 ||     4
Armor: Robe              |    11 |     7 |       ||    18
       Skin              |     2 |     2 |     1 ||     5
Dodge: Dodged            |    57 |   123 |     5 ||   185

Table legend: (Time is in decaauts)
 A = Elapsed time spent in this place.
 B = Non-inter-level travel time spent in this place.
 C = Inter-level travel time spent in this place.
 D = Time resting spent in this place.
 E = Time spent auto-exploring this place.
 F = Levels seen in this place.
 G = Mean time per level.
                   A        B        C        D        E       F      G
               +--------+--------+--------+--------+--------+-----+--------+
         Total |   4186 |   4077 |    109 |    413 |   2600 |   6 |  697.7 |
       Dungeon |   3678 |   3569 |    109 |    236 |   2573 |   5 |  735.6 |
         Sewer |    508 |    508 |      0 |    177 |     27 |   1 |  508.0 |
               +--------+--------+--------+--------+--------+-----+--------+

Top non-repeatable levels by time:
     D:2: 1245 daAuts
     D:3: 1006 daAuts
     D:1: 683 daAuts
     D:4: 644 daAuts
   Sewer: 508 daAuts
     D:5: 98 daAuts
